 Dungeon Crawl Stone Soup version 0.29-a0-1016-g236c7fd91e (webtiles) character file.

Game seed: 7172676621246424891

107972 ragingrage the Severer (level 16, -12/86 (91) HPs)
             Began as a Vine Stalker Chaos Knight on Aug 9, 2022.
             Was a Plaything of Xom.
             Mangled by a +1 battleaxe of flaming (15 damage)
             ... animated by Zenata
             ... on level 1 of the Elven Halls.
             The game lasted 00:45:28 (20913 turns).

ragingrage the Severer (Vine Stalker Chaos Knight) Turns: 20913, Time: 00:45:29

HP:   -12/86 (91)   AC: 33    Str: 21    XL:     16   Next: 48%
MP:   0/17          EV: 16    Int: 15    God:    Xom [..*...]
Gold: 1267          SH:  0    Dex: 18    Spells: 15/15 levels left

rFire   + . .      SeeInvis .   b - +1 battleaxe (elec)
rCold   . . .      Faith    .   (shield currently unavailable)
rNeg    . . .      Spirit   +   R - +8 scale mail of the Distant Future {rCorr Str+2}
rPois   .          Reflect  .   X - +2 hat
rElec   +          Harm     .   s - +2 cloak {Stlth+}
rCorr   +          Rampage  .   M - +2 pair of gloves
Will    ++...      Clarity  +   Y - +1 pair of boots of the Ladybird {Regen+ Int+3}
Stlth   +.........              d - amulet of regeneration
HPRegen 2.64/turn               n - +4 ring of evasion
MPRegen 0.15/turn               k - ring of protection from fire

@: studying Conjurations, drained
A: fangs 3, regeneration 1, magic shield, antimagic bite, no potion heal 2,
claws 1, iridescent scales 3, clarity, mutation resistance 1, electricity
resistance
a: Renounce Religion


You were on level 1 of the Elven Halls.
You worshipped Xom.
You were a toy of Xom.
You visited 4 branches of the dungeon, and saw 22 of its levels.
You visited the Abyss 2 times.
You also visited: Ossuary.

You collected 1903 gold pieces.
You spent 636 gold pieces at shops.

Inventory:

Hand Weapons
 a - a +3 whip of venom
 b - a +1 battleaxe of electrocution (weapon)
 V - the +6 trident of a Billion Servitors {vorpal, rF+++}
   (You found it on level 6 of the Dungeon)

   It inflicts extra damage upon your enemies.
   rF:        It renders you almost immune to fire.
 Z - a +2 battleaxe
Missiles
 o - 3 datura-tipped darts
 p - 29 poisoned darts
 P - 4 silver javelins
 S - 8 javelins
Armour
 s - a +2 cloak of stealth (worn)
 M - a +2 pair of gloves (worn)
 N - +0 swamp dragon scales
 O - +0 fire dragon scales
 R - the +8 scale mail of the Distant Future (worn) {rCorr Str+2}
   (You found it on level 9 of the Dungeon)

   Str:       It affects your strength (+2).
   rCorr:     It protects you from acid and corrosion.
 X - a +2 hat (worn)
 Y - the +1 pair of boots of the Ladybird (worn) {Regen+ Int+3}
   (Xom gifted it to you on level 1 of the Lair of Beasts)

   Int:       It affects your intelligence (+3).
   Regen:     It increases your rate of health regeneration.
Jewellery
 d - an amulet of regeneration (around neck)
 k - a ring of protection from fire (right hand)
 n - a +4 ring of evasion (left hand)
 r - a ring of protection from cold
 A - a ring of poison resistance
 E - a ring of see invisible
Wands
 i - a wand of acid (3) (quivered)
 G - a wand of roots (17)
 J - a wand of charming (2)
 W - a wand of flame (8)
Scrolls
 f - 2 scrolls of magic mapping
 l - a scroll of poison
 q - 4 scrolls of immolation
 x - 2 scrolls of fear
 y - 6 scrolls of vulnerability
 z - 3 scrolls of amnesia
 D - 4 scrolls of silence
 F - 3 scrolls of enchant weapon
 H - a scroll of summoning
Potions
 e - 8 potions of attraction
 g - 5 potions of brilliance
 h - 5 potions of lignification
 t - 9 potions of curing
 u - 2 potions of haste
 v - 6 potions of mutation
 w - 6 potions of resistance
 B - 4 potions of flight
 C - 3 potions of magic
 I - 3 potions of might
 Q - 5 potions of ambrosia
 U - a potion of berserk rage
Miscellaneous
 c - a piece from Xom's chessboard (15/15)
 m - a condenser vane


   Skills:
 + Level 13.0 Fighting
 - Level 20.0 Axes
 + Level 4.6 Throwing
 + Level 7.4 Armour
 - Level 5.0 Dodging
 + Level 6.9 Evocations


You had 15 spell levels left.
You didn't know any spells.
Your spell library contained the following spells:

 Spells                   Type           Power      Damage    Failure   Level
 Sandblast                Erth           0%         2d4       54%         1
 Passwall                 Tmut/Erth      0%         N/A       69%         2
 Sublimation of Blood     Necr           0%         N/A       69%         2
 Wereblood                Tmut           0%         N/A       69%         2
 Inner Flame              Hex/Fire       0%         N/A       89%         3
 Ozocubu's Armour         Ice            0%         N/A       89%         3
 Stone Arrow              Conj/Erth      0%         3d7       89%         3
 Animate Armour           Summ/Erth      0%         N/A       100%        4
 Cause Fear               Hex            0%         N/A       100%        4
 Summon Lightning Spire   Summ/Air       0%         N/A       100%        4
 Blade Hands              Tmut           0%         N/A       100%        5
 Metabolic Englaciation   Hex/Ice        0%         N/A       100%        5
 Iron Shot                Conj/Erth      0%         9d1       100%        6
 Simulacrum               Ice/Necr       0%         N/A       100%        6
 Storm Form               Tmut/Air       0%         N/A       100%        7
 Summon Hydra             Summ           0%         N/A       100%        7
 Discord                  Hex            0%         N/A       100%        8
 Maxwell's Capacitive Co  Air            0%         ∞         100%        8


Dungeon Overview and Level Annotations

Branches:
Dungeon (14/15)            Temple (0/1) D:4            Lair (5/5) D:11
  Swamp (0/4) Lair:3       Spider (0/4) Lair:3        Slime (0/5) Lair:5
    Orc (2/2) D:9             Elf (1/3) Orc:2        Vaults (0/5) D:13
Ossuary (visited)

Altars:
Cheibriados
Dithmenos
Elyvilon
Gozag
Kikubaaqudgha
Makhleb
Uskayaw
Xom
Yredelemnul
The Shining One
Jiyva

Shops:
D:4 (   Orc:2 [*=(

Annotations:
D:4 3 runed translucent doors, Theoretic's ghost, novice GnWn
D:10 Sonja
D:11 3 runed translucent doors, Newt's ghost, journeyman DrAr
D:13 1 runed translucent door, exclusion: orange crystal statue
Lair:3 3 runed translucent doors, Xetequo's ghost, journeyman MiFi
Orc:1 2 transporters, exclusion: downstairs
Elf:1 Zenata


Innate Abilities, Weirdness & Mutations

You have razor-sharp teeth.
Your natural rate of healing is unusually fast.
When hurt, damage is shared between your health and your magic reserves.
Your bite disrupts and absorbs the magic of your enemies.
Potions cannot restore your health.
You have sharp fingernails.
You are completely covered in iridescent scales. (AC +6)
You possess an exceptional clarity of mind.
You are somewhat resistant to further mutation.
You are resistant to electric shocks. (rElec)


Message History

The +5 flail of protection completely misses you.
The +3 mace of draining hits you but does no damage.
You feel drained.
The +1 antimagic war axe barely misses you.
Zenata falters for a moment.
The deep elf pyromancer gestures wildly while chanting.
The deep elf archer mumbles some strange words.
The deep elf archer blinks!
The +2 long sword of holy wrath misses you.
The +2 war axe of electrocution hits you but does no damage.
The +5 flail of protection hits you but does no damage.
Unknown command.
You barely miss Zenata.
Zenata is heavily wounded.
You slice the +2 long sword of holy wrath!!
You slash the +1 antimagic war axe!
You destroy the +1 antimagic war axe!
The +1 antimagic war axe disappears in a puff of smoke!
You hit the +2 war axe of electrocution but do no damage.
You barely miss the +3 mace of draining.
You barely miss the +5 flail of protection.
Xom titters.
The deep elf pyromancer looks rather confused.
The deep elf zephyrmancer looks rather confused. x2
Zenata looks rather confused.
The deep elf zephyrmancer seems less confused.
The +3 mace of draining hits you.
* * * LOW HITPOINT WARNING * * *
You feel drained.
The +2 long sword of holy wrath hits you but does no damage.
The +5 flail of protection hits you.
* * * LOW HITPOINT WARNING * * *
The +2 war axe of electrocution misses you.
The +3 mace of draining closely misses you.
Zenata hits you but does no damage.
The deep elf zephyrmancer laughs crazily.
The deep elf zephyrmancer hits Zenata but does no damage.
The +1 battleaxe of flaming hits you!
You die...
Xom snickers!

.. #.## ##.#####
##...... ##.....## ###
##☼°.....## ##.##
###........E####((.##.#
..'........$eeea@(..#E#
###......§.E####((.##.#
##.....§°## ##.## #
##.....## ### ##...##
... .......# $###
#.###.#.# . # #.#.#
..#.#


You could see Zenata (confused, very poisoned, magic disrupted), a water
elemental, a deep elf pyromancer (very poisoned), 2 deep elf zephyrmancers, 2
fire elementals and 5 dancing weapons.

Vanquished Creatures
  A profane servitor (Abyss:3)
  Rupert (D:12)
  5 tentacled starspawn (Abyss:3)
  2 orc warlords (Orc:2)
  A balrug (Abyss:3)
  A draconian shifter (Abyss:3)
  A starflower (Abyss:3)
  A fire dragon (D:9)
  7 hydras
  2 vault guards (D:13)
  A great orb of eyes (Abyss:3)
  5 boulder beetles
  Erolcha (D:13)
  A catoblepas (Lair:2)
  2 centaur warriors
  4 two-headed ogres
  An orc high priest (Orc:2)
  13 death yaks
  A thrashing horror (Abyss:3)
  2 deep elf knights (Elf:1)
  A wretched star (Abyss:3)
  3 skeletal warriors (D:13)
  A deep troll (Orc:1)
  2 starcursed masses (Abyss:3)
  A lindwurm (Lair:5)
  12 deep elf pyromancers (Elf:1)
  An oklob plant (Lair:3)
  12 deep elf zephyrmancers
  A deep elf archer (Elf:1)
  A wolf spider (Lair:5)
  5 orc knights
  4 ugly things
  3 orc sorcerers (Orc:2)
  2 manticores
  2 cyclopes
  A worldbinder (Abyss:3)
  4 elephants (Lair:5)
  An apocalypse crab (Abyss:3)
  A smoke demon (Abyss:3)
  A gargoyle (D:9)
  An orange demon (Abyss:3)
  6 black mambas
  Maggie (D:9)
  6 cane toads
  2 unseen horror zombies (D:8)
  A komodo dragon (shapeshifter) (D:9)
  4 kobold demonologists
  A rime drake (Lair:4)
  8 komodo dragons
  2 ancient zymes (Abyss:3)
  2 tengu conjurers (D:13)
  A meliai (shapeshifter) (Lair:4)
  7 trolls
  8 polar bears (Lair:5)
  2 hornets (Lair:5)
  12 dream sheep
  3 slime creatures
  A raiju (Abyss:3)
  12 blink frogs
  3 large abominations (Abyss:3)
  An air elemental (Elf:1)
  15 spriggans (Lair:5)
  A culicivora (Lair:3)
  A vampire (D:12)
  3 shadows
  8 humans (D:13)
  3 small abominations (Abyss:3)
  3 wyverns
  26 yaks
  3 wraiths
  A fire elemental (Elf:1)
  7 basilisks
  A chaos spawn (Abyss:3)
  4 vampire mosquitoes (D:12)
  2 wargs
  2 acid dragons
  19 water moccasins
  25 orc warriors
  7 black bears
  2 sky beasts
  6 ogres
  An ogre (shapeshifter) (D:13)
  16 wolves (Lair:5)
  4 boggarts (Lair:5)
  3 centaurs
  3 kobold brigands (D:9)
  5 elf zombies (Ossuary)
  8 bullfrogs
  A necrophage (D:6)
  4 scorpions
  An earth elemental (Elf:1)
  10 wights
  8 killer bees
  An electric eel (Lair:3)
  2 vampire bats
  6 howler monkeys
  4 centaur zombies
  3 quasits
  2 hounds
  4 jellies
  13 orc priests
  A gnoll bouda (D:6)
  3 human zombies (Ossuary)
  An iron imp (D:3)
  7 iguanas
  23 orc wizards
  A hell rat (D:11)
  2 killer bee zombies (D:8)
  A centaur simulacrum (D:9)
  4 mummies
  2 howler monkey zombies (D:8)
  7 gnolls
  4 adders
  2 river rats (D:11)
  3 shadow imps
  2 white imps
  An ufetubus (Abyss:3)
  3 adder zombies (Ossuary)
  4 worms
  2 dart slugs
  41 orcs
  5 bat skeletons (D:11)
  A bat zombie (D:11)
  5 endoplasms
  6 giant cockroaches
  2 gnoll zombies (Ossuary)
  8 goblins
  9 hobgoblins
  6 jackals
  4 quokkas
  12 ball pythons
  14 bats
  3 frilled lizards
  4 goblin zombies (Ossuary)
  5 hobgoblin zombies (Ossuary)
  3 jackal zombies (Ossuary)
  22 kobolds
  4 kobold zombies (Ossuary)
  2 quokka zombies (Ossuary)
  10 rats
  2 rat zombies (Ossuary)
  3 starspawn tentacles (Abyss:3)
678 creatures vanquished.

Vanquished Creatures (collateral kills)
  An orc warlord (Orc:1)
  A two-headed ogre (shapeshifter) (D:4)
  A skeletal warrior (D:13)
  2 orc sorcerers
  A manticore (D:12)
  4 wraiths
  An orc warrior (D:12)
  A phantom (D:6)
  An orc priest (Orc:2)
  A gnoll bouda (D:7)
  4 gnolls (D:7)
  4 orcs
22 creatures vanquished.

Vanquished Creatures (others)
  A deep elf sorcerer (Elf:1)
  A vault guard (D:13)
  2 dancing weapons (Orc:2)
  A deep elf knight (Elf:1)
  A deep elf archer (Elf:1)
  A deep elf zephyrmancer (Elf:1)
  A human (D:13)
  A boggart (Lair:5)
  An orc wizard (Orc:2)
  An orc (Orc:2)
  A jackal zombie (Ossuary)
  12 fungi
  31 plants
  5 starspawn tentacles (Abyss:3)
60 creatures vanquished.

Grand Total: 760 creatures vanquished

Notes
Turn   | Place    | Note
-------+----------+-------------------------------------------
     0 | D:1      | ragingrage the Vine Stalker Chaos Knight began the quest
                  | for the Orb.
     0 | D:1      | Reached XP level 1. HP: 11/11 MP: 2/2
    45 | D:1      | Reached skill level 3 in Axes
   113 | D:1      | Found a faded altar of an unknown god.
   223 | D:1      | Reached XP level 2. HP: 16/16 MP: 3/3
   533 | D:1      | XOM: noise
   608 | D:1      | Reached XP level 3. HP: 17/19 MP: 4/4
   739 | D:1      | XOM: noise
  1324 | D:2      | XOM: silly message
  1373 | D:2      | Reached skill level 4 in Axes
  1449 | D:2      | XOM: 1-stop teleportation journey
  1745 | D:2      | Gained mutation: Your natural rate of healing is unusually
                  | fast. [Vine Stalker growth]
  1745 | D:2      | Reached XP level 4. HP: 23/23 MP: 5/5
  2276 | D:3      | XOM: give mutations
  2276 | D:3      | Gained mutation: You are partially covered in iridescent
                  | scales. (AC +2) [Xom's mischief]
  2276 | D:3      | Gained mutation: You possess an exceptional clarity of
                  | mind. [Xom's mischief]
  2276 | D:3      | Gained mutation: You are clumsy. (Dex -2) [Xom's mischief]
  2344 | D:3      | Found a glowing golden altar of the Shining One.
  2757 | D:3      | Found a snail-covered altar of Cheibriados.
  2776 | D:3      | Reached skill level 5 in Axes
  2776 | D:3      | Reached XP level 5. HP: 26/27 MP: 4/6
  2823 | D:4      | Found a sand-covered staircase.
  2839 | Ossuary  | Entered an ossuary
  2917 | Ossuary  | Reached skill level 6 in Axes
  2917 | Ossuary  | Reached XP level 6. HP: 17/32 MP: 4/7
  3061 | Ossuary  | Reached skill level 7 in Axes
  3061 | Ossuary  | Reached XP level 7. HP: 33/35 MP: 8/8
  3177 | Ossuary  | Reached skill level 8 in Axes
  3257 | D:4      | Found a runed translucent gate.
  3257 | D:4      | Found a runed translucent gate.
  3258 | D:4      | Found an opulent altar of Gozag.
  3258 | D:4      | Found a runed translucent gate.
  3262 | D:4      | Noticed Theoretic's ghost (novice GnWn)
  3351 | D:4      | XOM: torment (22/35 hp)
  3352 | D:4      | Noticed a glowing shapeshifter
  3352 | D:4      | an endoplasm changed into a glowing shapeshifter
  3352 | D:4      | Noticed a redback
  3352 | D:4      | a glowing shapeshifter changed into a redback
  3353 | D:4      | Noticed a jumping spider
  3353 | D:4      | a redback changed into a jumping spider
  3542 | D:4      | Noticed Grinder
  3553 | D:4      | XOM: swap monsters
  3560 | D:4      | Noticed Grinder
  3560 | D:4      | Grinder changed into Grinder the quasit
  3560 | D:4      | XOM: polymorph Grinder -> Grinder the quasit
  3608 | D:4      | Lost dexterity.
  3614 | D:4      | Killed Grinder the quasit
  3615 | D:4      | Gained mutation: You have razor-sharp teeth. [Vine Stalker
                  | growth]
  3615 | D:4      | Reached XP level 8. HP: 34/39 MP: 2/9
  3741 | D:4      | Found Pierhial's Weapon Shop.
  3755 | D:4      | Found a staircase to the Ecumenical Temple.
  3864 | D:4      | XOM: summons 3 hostile shadow creatures
  3899 | D:4      | Noticed a shock serpent
  3903 | D:4      | a shock serpent changed into a swamp worm
  3909 | D:4      | Noticed a shock serpent
  3909 | D:4      | a swamp worm changed into a shock serpent
  3911 | D:4      | XOM: butterfly on damage
  3913 | D:4      | Noticed a wolf spider
  3914 | D:4      | XOM: polymorph butterfly -> shapeshifter
  3915 | D:4      | Noticed a two-headed ogre
  3915 | D:4      | a wolf spider changed into a two-headed ogre
  3918 | D:4      | Killed a two-headed ogre
  3919 | D:4      | Reached skill level 10 in Axes
  4289 | D:5      | Entered Level 5 of the Dungeon
  4308 | D:5      | Noticed Sigmund
  4310 | D:5      | Noticed Sigmund
  4310 | D:5      | Sigmund changed into Sigmund the bullfrog
  4310 | D:5      | XOM: polymorph Sigmund -> Sigmund the bullfrog
  4313 | D:5      | Killed Sigmund the bullfrog
  4347 | D:5      | Found an opulent altar of Gozag.
  4716 | D:4      | XOM: god gift: 15 gold pieces
  4828 | D:5      | Noticed a shapeshifter
  4828 | D:5      | a gnoll bouda changed into a shapeshifter
  4829 | D:5      | a shapeshifter changed into a human
  4838 | D:5      | XOM: scenery: summon butterflies
  5008 | D:5      | Reached XP level 9. HP: 38/43 MP: 8/10
  5109 | D:5      | Noticed a rime drake
  5109 | D:5      | XOM: cleaving
  5318 | D:6      | Reached skill level 11 in Axes
  5468 | D:6      | Noticed a +0 short sword
  5469 | D:6      | Noticed a +0 dagger
  5469 | D:6      | Noticed a +0 spear
  5477 | D:6      | Noticed a +0 short sword
  5477 | D:6      | Noticed a +0 spear
  5478 | D:6      | Noticed a +0 falchion
  5478 | D:6      | Noticed a +0 falchion
  5479 | D:6      | Noticed a +0 dagger
  5480 | D:6      | Found a hide-covered altar of Uskayaw.
  5491 | D:6      | Found a shimmering altar of Xom.
  5664 | D:6      | XOM: fake destruction
  5760 | D:6      | XOM: give mutations
  5760 | D:6      | Gained mutation: You are mostly covered in iridescent
                  | scales. (AC +4) [Xom's grace]
  5760 | D:6      | Gained mutation: Your mind is acute. (Int +4, Str/Dex -1)
                  | [Xom's grace]
  5760 | D:6      | Gained mutation: You have sharp fingernails. [Xom's grace]
  5760 | D:6      | Gained mutation: You are completely covered in iridescent
                  | scales. (AC +6) [Xom's grace]
  5968 | D:6      | Identified the +6 trident of a Billion Servitors {vorpal,
                  | rF+++}
  5983 | D:6      | Reached skill level 12 in Axes
  5991 | D:6      | XOM: god gift: scroll labelled GIUBLUOGEG {god gift}
  6064 | D:6      | XOM: confuse monster(s)
  6533 | D:7      | XOM: scenery: create altars
  6826 | D:7      | XOM: confuse monster(s)
  6844 | D:7      | XOM: summons friendly shadow imp
  6851 | D:7      | Reached XP level 10. HP: 45/47 MP: 11/11
  6948 | D:7      | Identified the +2 sling of the Living Dead {flame, rElec
                  | rF+ rN+ Str-3}
  7031 | D:7      | XOM: give mutations
  7031 | D:7      | Gained mutation: Your body sometimes deteriorates upon
                  | taking damage. [Xom's mischief]
  7031 | D:7      | Gained mutation: Your mind is very acute. (Int +8, Str/Dex
                  | -2) [Xom's mischief]
  7031 | D:7      | Lost mutation: You possess an exceptional clarity of mind.
                  | [Xom's mischief]
  7031 | D:7      | Lost mutation: You are completely covered in iridescent
                  | scales. (AC +6) [Xom's mischief]
  7079 | D:7      | Reached skill level 13 in Axes
  7159 | D:7      | Found a burning altar of Makhleb.
  7159 | D:7      | Noticed a cacodemon
  7162 | D:7      | Noticed a smoke demon
  7286 | D:7      | XOM: god gift: chain mail {god gift}
  7470 | D:8      | XOM: blink monster(s)
  7473 | D:8      | XOM: enchant monster (good)
  7475 | D:8      | XOM: torment (22/47 hp)
  7486 | D:8      | XOM: polymorph yak -> basilisk
  7489 | D:8      | XOM: divination: detect creatures
  7502 | D:8      | XOM: enchant monster (good)
  7507 | D:8      | XOM: enchant monster (good)
  7612 | D:8      | XOM: enchant monster (bad)
  7637 | D:8      | Reached skill level 14 in Axes
  7668 | D:8      | Found a basalt altar of Yredelemnul.
  7765 | D:8      | XOM: cloud trail
  8165 | D:9      | XOM: cloud trail
  8294 | D:9      | XOM: god gift: 2 clear potions {god gift}
  8439 | D:9      | Found a white marble altar of Elyvilon.
  8439 | D:9      | Found a shadowy altar of Dithmenos.
  8540 | D:9      | Noticed Maggie
  8553 | D:9      | Killed Maggie
  8643 | D:9      | Noticed a fire dragon
  8645 | D:9      | XOM: divination: detect items
  8672 | D:9      | XOM: potion effect (might)
  8696 | D:9      | Killed a fire dragon
  8697 | D:9      | Reached skill level 15 in Axes
  8697 | D:9      | Reached XP level 11. HP: 38/51 MP: 9/12
  8889 | D:9      | XOM: butterfly on damage
  9016 | D:9      | Noticed a boulder beetle
  9016 | D:9      | XOM: divination: detect items
  9028 | D:9      | XOM: silly message
  9036 | D:9      | Killed a boulder beetle
  9126 | D:9      | Identified the +8 scale mail of the Distant Future {rCorr
                  | Str+2}
  9167 | D:9      | Found a staircase to the Orcish Mines.
  9203 | D:9      | Noticed a two-headed ogre
  9205 | D:9      | XOM: divination: detect items
  9215 | D:9      | Killed a two-headed ogre
  9263 | D:9      | Noticed a centaur warrior
  9263 | D:9      | XOM: butterfly on damage
  9264 | D:9      | Noticed a deep elf zephyrmancer
  9274 | D:9      | Killed a centaur warrior
  9279 | D:9      | Killed a deep elf zephyrmancer
  9280 | D:9      | Reached skill level 16 in Axes
  9393 | D:9      | Reached skill level 1 in Dodging
  9661 | D:10     | Entered Level 10 of the Dungeon
  9679 | D:9      | XOM: silly message
  9682 | D:9      | XOM: noise
  9688 | D:9      | Reached skill level 1 in Evocations
  9715 | D:10     | XOM: silly message
  9720 | D:10     | Noticed a two-headed ogre
  9732 | D:10     | XOM: cast spell 'Chain of Chaos'
  9747 | D:9      | Killed a two-headed ogre
  9755 | D:10     | XOM: summons friendly white imp
  9772 | D:9      | XOM: give mutation
  9772 | D:9      | Gained mutation: Your system is resistant to poisons.
                  | (rPois) [Xom's grace]
  9785 | D:10     | XOM: polymorph orc wizard -> jelly
  9787 | D:10     | XOM: divination: detect creatures
  9800 | D:10     | XOM: give mutations
  9800 | D:10     | Lost mutation: Your mind is very acute. (Int +8, Str/Dex
                  | -2) [Xom's mischief]
  9800 | D:10     | Lost mutation: You are clumsy. (Dex -2) [Xom's mischief]
  9800 | D:10     | Lost mutation: Your system is resistant to poisons. (rPois)
                  | [Xom's mischief]
  9800 | D:10     | Gained mutation: You are clumsy. (Dex -2) [Xom's mischief]
  9839 | D:10     | XOM: give mutation
  9839 | D:10     | Lost mutation: Your body sometimes deteriorates upon taking
                  | damage. [Xom's mischief]
  9921 | D:10     | XOM: cloud trail
  9999 | D:10     | XOM: divination: magic mapping
 10022 | D:10     | XOM: give mutations
 10022 | D:10     | Gained mutation: Your muscles are strong. (Str +4, Int/Dex
                  | -1) [Xom's grace]
 10022 | D:10     | Gained mutation: You have large cloven feet. [Xom's grace]
 10022 | D:10     | Lost mutation: You have large cloven feet. [Xom's grace]
 10022 | D:10     | Gained mutation: You have sharp toenails. [Xom's grace]
 10022 | D:10     | Lost mutation: You are clumsy. (Dex -2) [Xom's grace]
 10031 | D:10     | Noticed Sonja
 10070 | Abyss:2  | Cast into level 2 of the Abyss (Sonja)
 10070 | D:10     | Escaped the Abyss
 10070 | D:10     | XOM: revert banishment
 10093 | D:11     | Reached XP level 12. HP: 58/58 MP: 13/13
 10111 | D:11     | Noticed a boulder beetle
 10112 | D:11     | XOM: cast spell 'Discord'
 10113 | D:11     | XOM: cleaving
 10128 | D:11     | Killed a boulder beetle
 10159 | D:11     | XOM: divination: detect items
 10182 | D:11     | XOM: destruction
 10276 | D:11     | Noticed a two-headed ogre
 10285 | D:11     | Killed a two-headed ogre
 10328 | D:11     | Found a runed translucent gate.
 10328 | D:11     | Identified the +6 plate armour of Forking Paths {rN+ Will+
                  | Int-3}
 10330 | D:11     | Found a runed translucent gate.
 10330 | D:11     | Noticed Newt's ghost (journeyman DrAr)
 10331 | D:11     | Found a runed translucent gate.
 10338 | D:11     | Noticed a death yak
 10340 | D:11     | Noticed a death yak
 10344 | D:11     | XOM: polymorph quokka -> rat
 10344 | D:11     | Noticed a death yak
 10347 | D:11     | XOM: summons friendly ufetubus
 10355 | D:11     | Killed a death yak
 10359 | D:11     | XOM: divination: detect creatures
 10372 | D:12     | Noticed a boulder beetle
 10382 | D:12     | XOM: summons 3 friendly demons
 10386 | D:12     | Killed a boulder beetle
 10387 | D:12     | Reached skill level 5 in Fighting
 10507 | D:12     | XOM: confuse monster(s)
 10517 | D:12     | XOM: summons 2 friendly demons
 10519 | D:12     | XOM: enchant monster (good)
 10530 | D:12     | XOM: cast spell 'Monstrous Menagerie'
 10560 | D:12     | Noticed a boulder beetle
 10573 | D:12     | Killed a boulder beetle
 10663 | D:12     | XOM: fog
 10668 | D:12     | Reached skill level 5 in Armour
 10668 | D:12     | Reached skill level 5 in Evocations
 10699 | D:12     | Noticed Rupert
 10704 | D:12     | XOM: potion effect (invisibility)
 10715 | D:12     | Killed Rupert
 10819 | D:11     | XOM: enchant monster (bad)
 10823 | D:11     | XOM: summons friendly iron imp
 10855 | D:11     | Killed a death yak
 10862 | D:11     | Killed a death yak
 10900 | D:11     | Reached XP level 13. HP: 52/66 MP: 11/14
 10918 | D:11     | Found a staircase to the Lair.
 10951 | D:11     | XOM: summons 4 friendly demons
 11111 | D:11     | Found an ancient bone altar of Kikubaaqudgha.
 11233 | Lair:1   | Entered Level 1 of the Lair of Beasts
 11440 | Lair:1   | XOM: god gift: pair of fine boots {god gift}
 11440 | Lair:1   | Identified the +1 pair of boots of the Ladybird {Regen+
                  | Int+3} (Xom gifted it to you on level 1 of the Lair of
                  | Beasts)
 11579 | Lair:1   | XOM: summons 4 friendly demons
 11584 | Lair:1   | XOM: summons 2 friendly demons
 11597 | Lair:1   | XOM: divination: detect creatures
 11741 | Lair:1   | XOM: silly message
 12123 | Lair:1   | Identified the +1 scale mail "Tuk Dur" {Will+ SInv}
 12224 | Lair:1   | XOM: silly message
 12376 | Lair:2   | XOM: noise
 12384 | Lair:2   | Reached skill level 17 in Axes
 12584 | Lair:2   | XOM: silly message
 12600 | Lair:2   | XOM: cast spell 'Dispersal'
 12720 | Lair:2   | Found a snail-covered altar of Cheibriados.
 12818 | Lair:2   | XOM: god gift: wand of roots (7)
 12890 | Lair:2   | XOM: god gift: condenser vane
 13041 | Lair:2   | XOM is BORED!
 13041 | Lair:2   | XOM: summons 1 hostile shadow creature
 13118 | Lair:3   | XOM: polymorph basilisk -> ogre
 13272 | Lair:3   | XOM: swap monsters
 13282 | Lair:3   | XOM: potion effect (invisibility)
 13303 | Lair:3   | Found a runed translucent gate.
 13304 | Lair:3   | Found a runed translucent gate.
 13305 | Lair:3   | Found a runed translucent gate.
 13307 | Lair:3   | Noticed Xetequo's ghost (journeyman MiFi)
 13315 | Lair:3   | XOM: confuse monster(s)
 13319 | Lair:3   | XOM: silly message
 13399 | Lair:3   | Found a hole to the Spider Nest.
 13463 | Lair:3   | Found a staircase to the Swamp.
 13470 | Lair:3   | XOM: noise
 13773 | Lair:3   | XOM: divination: detect creatures
 14021 | Lair:4   | XOM: summons 7 friendly demons
 14058 | Lair:4   | XOM: enchant monster (good)
 14080 | Lair:4   | XOM: scenery: summon butterflies
 14092 | Lair:4   | XOM: chaos cloud
 14101 | Lair:4   | Reached XP level 14. HP: 47/75 MP: 12/15
 14103 | Lair:4   | XOM: polymorph butterfly -> ball python
 14158 | Lair:4   | Reached skill level 18 in Axes
 14257 | Lair:4   | XOM: scenery: 2 doors open
 14268 | Lair:4   | XOM: confuse monster(s)
 14322 | Lair:4   | XOM: polymorph black bear -> shapeshifter
 14366 | Lair:4   | XOM: scenery: 1 doors open
 14392 | Lair:4   | XOM: give mutations
 14392 | Lair:4   | Gained mutation: You are resistant to electric shocks.
                  | (rElec) [Xom's grace]
 14392 | Lair:4   | Gained mutation: You are completely covered in iridescent
                  | scales. (AC +6) [Xom's grace]
 14392 | Lair:4   | Gained mutation: You possess an exceptional clarity of
                  | mind. [Xom's grace]
 14392 | Lair:4   | Gained mutation: You are somewhat resistant to further
                  | mutation. [Xom's grace]
 14495 | Lair:4   | XOM: fog
 14503 | Lair:4   | XOM: scenery: create altars
 15085 | Lair:5   | Entered Level 5 of the Lair of Beasts
 15096 | Lair:4   | Reached skill level 10 in Fighting
 15174 | Lair:5   | XOM: polymorph blink frog -> basilisk
 15223 | Lair:5   | Found a staircase to the Slime Pits.
 15223 | Lair:5   | Found a viscous altar of Jiyva.
 15436 | Lair:5   | XOM: 1-stop teleportation journey
 15499 | Lair:5   | XOM: summons friendly crimson imp
 15608 | Lair:5   | XOM: summons friendly quasit
 15609 | Lair:5   | XOM: enchant monster (good)
 15622 | Lair:5   | Reached skill level 19 in Axes
 15632 | Lair:5   | XOM: enchant monster (bad)
 16374 | D:12     | XOM: divination: detect items
 16390 | D:12     | Reached XP level 15. HP: 81/82 MP: 16/16
 16492 | D:12     | XOM: 2-stop teleportation journey
 16684 | D:13     | Noticed Erolcha
 16690 | D:13     | XOM: fog
 16771 | D:12     | XOM: scenery: 3 doors close
 16818 | D:13     | XOM: silly message
 17071 | D:13     | Found a runed translucent door.
 17094 | D:13     | XOM: 4-stop teleportation journey
 17336 | D:13     | XOM: summons friendly crimson imp
 17342 | D:13     | Killed Erolcha
 17397 | D:13     | XOM: confuse monster(s)
 17417 | D:13     | XOM: potion effect (berserk rage)
 17491 | D:13     | XOM: noise
 17583 | D:13     | Identified the +3 plate armour "Deleps" {rPois Int+4}
 17706 | D:13     | Found a gate to the Vaults.
 18061 | Orc:1    | Entered Level 1 of the Orcish Mines
 18061 | Orc:1    | Noticed Josephine
 18062 | Orc:1    | Noticed Josephine
 18062 | Orc:1    | Josephine changed into Josephine the deep troll
 18062 | Orc:1    | XOM: polymorph Josephine -> Josephine the deep troll
 18063 | Orc:1    | XOM: 2-stop teleportation journey
 18166 | Orc:1    | XOM: silly message
 18170 | Orc:1    | Reached skill level 20 in Axes
 18242 | Orc:1    | Found a transporter.
 18256 | Orc:1    | Noticed an orc warlord
 18344 | Orc:1    | XOM: enchant monster (bad)
 18345 | Orc:1    | Noticed an orc warlord
 18357 | Orc:1    | XOM: cast spell 'Summon Dragon'
 18366 | Orc:1    | Killed an orc warlord
 18414 | Orc:1    | Killed Josephine the deep troll
 18561 | Orc:1    | Found a transporter.
 18561 | Orc:1    | Identified the +6 great sword of Departure {elec, *Slow
                  | rPois rC+ MP+9 Dex+4}
 18608 | Orc:2    | Entered Level 2 of the Orcish Mines
 18685 | Orc:2    | XOM: god gift: book of Hexes
 18706 | Orc:2    | Noticed an orc warlord
 18769 | Orc:2    | Found a staircase to the Elven Halls.
 18799 | Orc:2    | XOM: summons friendly shadow imp
 18823 | Orc:2    | XOM: divine lightning
 18830 | Orc:2    | XOM: scenery: create altars
 18868 | Orc:2    | Paralysed by an orc sorcerer for 4 turns
 18905 | Orc:2    | XOM: god gift: wand of charming (3)
 18907 | Orc:2    | Reached skill level 1 in Throwing
 18917 | Orc:2    | XOM: cleaving
 18918 | Orc:2    | XOM: silly message
 18946 | Orc:2    | Noticed an orc warlord
 18980 | Orc:2    | Killed an orc warlord
 19220 | Orc:2    | Found Ceis's Antique Armour Shop.
 19292 | Orc:2    | Found Hoohikel's General Store.
 19298 | Orc:2    | Bought a potion of curing for 36 gold pieces
 19298 | Orc:2    | Bought a potion of resistance for 120 gold pieces
 19391 | Orc:2    | XOM: silly message
 19398 | Orc:2    | XOM: cleaving
 19409 | Orc:2    | Killed an orc warlord
 19609 | Orc:2    | Found Sebimm's Antique Weapon Shop.
 19624 | Orc:2    | Found Puigh's Jewellery Shop.
 19631 | Orc:2    | Bought an amulet of regeneration for 480 gold pieces
 19853 | Elf:1    | Entered Level 1 of the Elven Halls
 19858 | Elf:1    | XOM: chaos upgrade
 19896 | Elf:1    | Paralysed by an air elemental for 1 turns
 19909 | Elf:1    | XOM: summons 8 friendly demons
 19917 | Elf:1    | XOM: summons 1 hostile demon
 19927 | Elf:1    | XOM: noise
 19929 | Elf:1    | XOM: chaos upgrade
 19935 | Elf:1    | XOM: 1-stop teleportation journey
 20021 | Elf:1    | XOM: give mutations
 20021 | Elf:1    | Lost mutation: Your muscles are strong. (Str +4, Int/Dex
                  | -1) [Xom's mischief]
 20021 | Elf:1    | Lost mutation: You have sharp toenails. [Xom's mischief]
 20021 | Elf:1    | Lost mutation: Your mind is acute. (Int +4, Str/Dex -1)
                  | [Xom's mischief]
 20120 | Elf:1    | XOM: summons 3 hostile shadow creatures
 20123 | Elf:1    | XOM: smoke on damage
 20128 | Elf:1    | Noticed a deep elf sorcerer
 20131 | Elf:1    | Killed a deep elf sorcerer
 20131 | Elf:1    | XOM: divine lightning
 20214 | Elf:1    | XOM: 1-stop teleportation journey
 20243 | Elf:1    | XOM: scenery: 1 doors open
 20306 | Elf:1    | Noticed Zenata
 20307 | Elf:1    | XOM: enchant monster (good)
 20357 | Elf:1    | Reached XP level 16. HP: 90/90 MP: 15/17
 20395 | Elf:1    | XOM: divine lightning
 20404 | Elf:1    | XOM: cleaving
 20407 | Elf:1    | XOM: fog
 20414 | Abyss:3  | Found a corrupted altar of Lugonu.
 20414 | Abyss:3  | Cast into level 3 of the Abyss (+2 hand axe of distortion)
 20562 | Abyss:3  | Noticed a profane servitor
 20569 | Abyss:3  | XOM: scenery: 3 doors open, 5 doors close
 20573 | Abyss:3  | XOM: scenery: 5 doors open, 3 doors close
 20576 | Abyss:3  | XOM: cleaving
 20579 | Abyss:3  | XOM: scenery: 3 doors open, 5 doors close
 20580 | Abyss:3  | XOM: cast spell 'Alistair's Intoxication'
 20593 | Abyss:3  | Killed a profane servitor
 20604 | Abyss:3  | Noticed a tentacled starspawn
 20610 | Abyss:3  | Killed a tentacled starspawn
 20635 | Abyss:3  | Noticed a tentacled starspawn
 20637 | Abyss:3  | Noticed a tentacled starspawn
 20646 | Abyss:3  | XOM: confuse monster(s)
 20649 | Abyss:3  | Killed a tentacled starspawn
 20649 | Abyss:3  | XOM: noise
 20650 | Abyss:3  | Killed a tentacled starspawn
 20727 | Abyss:3  | XOM: enchant monster (good)
 20729 | Abyss:3  | Reached skill level 5 in Dodging
 20750 | Abyss:3  | Noticed a tentacled starspawn
 20776 | Abyss:3  | Killed a tentacled starspawn
 20887 | Abyss:3  | Noticed a tentacled starspawn
 20900 | Abyss:3  | Killed a tentacled starspawn
 20905 | Elf:1    | Escaped the Abyss
 20909 | Elf:1    | XOM: cast spell 'Olgreb's Toxic Radiance'
 20911 | Elf:1    | HP: 4/91 [+2 long sword of holy wrath[Zenata] (4)]
 20913 | Elf:1    | XOM: confuse monster(s)
 20913 | Elf:1    | Mangled by a +1 battleaxe of flaming

Illustrated notes

Levels and vault maps discovered:
D:1:      dpeg_arrival_radiant, layout_loops_ring,
          nicolae_ecumenical_lake_church
D:2:      layout_rooms, nrook_mini_backslash
D:3:      layout_basic, slow_altar_2, tso_altar
D:4:      layout_basic, minmay_temple_entry_hall, serial_shops,
          nicolae_take_the_stairs, ebering_ghost_gozag,
          gup_ossuary_entry_pyramid, uniq_grinder
D:5:      layout_loops_corners, nicolae_gozag_seed_capital, uniq_menkaure,
          uniq_sigmund
D:6:      minmay_thinvault, layout_gridville, nicolae_uskayaw_en_pointe,
          xom_butterflies
D:7:      layout_basic, makhleb_altar_promises_db, roderic_batcave
D:8:      layout_basic, nicolae_yredelemnul_corpse_copse
D:9:      minmay_chopped_fan, layout_layer_cave, grunt_temple_overflow_open,
          orc_0_dummy, uniq_maggie
D:10:     layout_rooms, uniq_sonja
D:11:     layout_rooms, dpeg_lair_monsters, biasface_ghost_orc_armoury,
          gauntlet_entry_generic, kennysheep_vampire_church
D:12:     layout_roguey, hex_intersection, uniq_rupert
D:13:     layout_small_grid, ximxim_vaults_locker_room, minmay_crystal_box,
          uniq_erolcha
D:14:     layout_rooms, nicolae_qazlal_eye_of_the_storm,
          minmay_tree_intersection, grunt_ministairs_1
Lair:1:   layout_cave_pods
Lair:2:   layout_gridlike, basic_altar
Lair:3:   layout_regular_city, swamp_mist_pool,
          hellmonk_spider_entry_life_and_decay, gammafunk_ghost_hydra_chop
Lair:4:   layout_regular_city
Lair:5:   minmay_lair_end_enchanted_forest, layout_concentric_octagons,
          slime_entry_1, grunt_forest_large_clearing_hut, grunt_megastairs_3,
          infiniplex_staircase_pool_2
Orc:1:    gammafunk_beogh_shrine, layout_caves, basic_altar, uniq_josephine
Orc:2:    grunt_orc_cross, layout_caves
Elf:1:    eino_elf_arrival_the_gate, layout_loops_corners, minmay_elf_sorcery,
          hangedman_elven_crosses_minicolossus, uniq_zenata

Skill      XL: |  1  2  3  4  5  6  7  8  9 10 11 12 13 14 15 16 |
---------------+-------------------------------------------------+-----
Axes           | 3 4 5 6 7 8 10 12 15 16 17 19 20 | 20.0
Dodging        | 2 3 4 5 |  5.0
Fighting       | 4 6 9 11 12 13 | 13.0
Armour         | 3 5 6 7 |  7.4
Evocations     | 2 5 6 |  6.9
Throwing       | 3 4 |  4.6

Action                   |  1- 3 |  4- 6 |  7- 9 | 10-12 | 13-15 | 16-18 || total
-------------------------+-------+-------+-------+-------+-------+-------++-------
Melee: Hand axe          |    88 |   196 |   373 |       |       |       ||   657
       Bite              |    17 |    52 |    98 |   151 |   329 |    82 ||   729
       Punch             |       |     3 |     3 |     9 |     2 |       ||    17
       Trident           |       |       |    52 |   468 |   100 |       ||   620
       Whip              |       |       |    19 |    24 |    38 |       ||    81
       Battleaxe         |       |       |       |     9 |   887 |   192 ||  1088
 Fire: Sling             |       |       |       |       |     2 |       ||     2
Throw: Dart              |       |       |       |    15 |     3 |       ||    18
       Throwing net      |       |       |       |     3 |       |       ||     3
       Javelin           |       |       |       |     1 |       |       ||     1
Evoke: Piece from Xom's  |       |       |     1 |       |     7 |       ||     8
       Wand              |       |       |       |     8 |     8 |     7 ||    23
       Condenser vane    |       |       |       |       |     3 |     1 ||     4
  Use: Scroll            |       |       |    11 |     7 |    12 |     2 ||    32
       Potion            |       |       |       |     1 |     4 |       ||     5
 Stab: Sleeping          |       |     3 |     1 |     3 |       |       ||     7
       Paralysed         |       |     4 |     4 |     4 |       |       ||    12
       Confused          |       |       |     1 |       |     1 |       ||     2
       Distracted        |       |       |     1 |       |     4 |       ||     5
       Held in net/web   |       |       |       |     4 |       |       ||     4
       Invisible         |       |       |       |     1 |     6 |       ||     7
       Petrified         |       |       |       |       |     8 |       ||     8
Armor: Leather armour    |    19 |       |       |       |       |       ||    19
       Robe              |    11 |     6 |       |       |       |       ||    17
       Ring mail         |       |    70 |   414 |    80 |       |       ||   564
       Swamp dragon scal |       |       |       |     4 |       |       ||     4
       Scale mail        |       |       |       |   167 |   478 |   112 ||   757
Dodge: Dodged            |    51 |    80 |   165 |   211 |   521 |   107 ||  1135

Table legend: (Time is in decaauts)
 A = Elapsed time spent in this place.
 B = Non-inter-level travel time spent in this place.
 C = Inter-level travel time spent in this place.
 D = Time resting spent in this place.
 E = Time spent auto-exploring this place.
 F = Levels seen in this place.
 G = Mean time per level.
                   A        B        C        D        E       F      G
               +--------+--------+--------+--------+--------+-----+--------+
         Total |  20583 |  19289 |   1294 |   1177 |  12654 |  25 |  823.3 |
       Dungeon |  12562 |  11649 |    913 |    653 |   8016 |  14 |  897.3 |
          Lair |   4936 |   4644 |    292 |    143 |   3348 |   5 |  987.2 |
  Orcish Mines |   1745 |   1658 |     87 |    197 |    991 |   2 |  872.5 |
   Elven Halls |    520 |    520 |      0 |    115 |    147 |   1 |  520.0 |
         Abyss |    427 |    427 |      0 |     60 |     38 |   2 |  213.5 |
       Ossuary |    390 |    390 |      0 |      8 |    114 |   1 |  390.0 |
               +--------+--------+--------+--------+--------+-----+--------+

Top non-repeatable levels by time:
     D:9: 1581 daAuts
     D:4: 1281 daAuts
     D:6: 1172 daAuts
  Lair:1: 1168 daAuts
   Orc:2: 1155 daAuts
     D:1: 1148 daAuts
  Lair:4: 1119 daAuts
    D:12: 1067 daAuts
  Lair:5: 1021 daAuts
     D:3: 977 daAuts
     D:2: 947 daAuts
    D:13: 905 daAuts
     D:7: 849 daAuts
     D:8: 845 daAuts
  Lair:3: 845 daAuts
